Quebec Nordiques vs Nashville Predators
Created - Wednesday, May 28, 2025 at 07:58
Goals
|
| Quebec Nordiques |
2 |
1 |
0 |
3 |
| Nashville Predators |
1 |
2 |
1 |
4 |
|
Shots
|
| Quebec Nordiques |
8 |
6 |
17 |
31 |
| Nashville Predators |
10 |
22 |
5 |
37 |
|
1st period
1. Nashville Predators , Anthony Duclair 30 (James van Riemsdyk 19, Ben Chiarot 10) at 2:57
2. Quebec Nordiques , Nikolaj Ehlers 19 (Anthony Mantha 28, Matt Duchene 51) at 12:02 (PP)
3. Quebec Nordiques , Matt Duchene 32 (Nikolaj Ehlers 25, Rickard Rakell 41) at 15:37
Penalties :
Jordan Greenway (QUE) for Goalie Interference (Minor) at 3:05, Kirby Dach (NSH) for Hooking (Minor) at 11:00, Sidney Crosby (NSH) for Fighting (Major) at 15:52, Luke Kunin (QUE) for Fighting (Major) at 15:52, Luke Kunin (QUE) for instigated a fight (Minor) at 15:52, Luke Kunin (QUE) for instigated a fight (10 Minutes Misconduct) at 15:52
2nd period
4. Nashville Predators , Ryan Hartman 22 (Sidney Crosby 48) at 1:58
5. Nashville Predators , Sidney Crosby 42 (Alexander Wennberg 35) at 10:00
6. Quebec Nordiques , Jordan Greenway 9 (Luke Kunin 9, Michael McCarron 11) at 18:00
Penalties :
Michael McCarron (QUE) for Roughing (Minor) at 7:19
3rd period
7. Nashville Predators , Sidney Crosby 43 (Alexander Wennberg 36, Ryan Hartman 32) at 6:12
Penalties :
Brock Faber (QUE) for Slashing (Minor) at 6:34, Anthony Stolarz (NSH) for Delaying the game (Minor) at 18:03 - Anthony Duclair served the penalty
Goalie Stats
Joseph Woll (QUE), 33 saves from 37 shots - (0.892), L, 29-21-8, 58:35 minutes
Anthony Stolarz (NSH), 28 saves from 31 shots - (0.903), W, 7-4-2, 60:00 minutes
Players Stats for Quebec Nordiques
Player Name G A P +/- PIM S H SB GA TA FO MP PP MP PK MP
------------------------------------------------------------------------------------
Alex DeBrincat 0 0 0 -2 0 5 2 3 0 0 0/2 18:27 1:38 0:49
Alexandre Carrier 0 0 0 -1 0 1 2 1 0 1 0/0 18:58 1:15 4:03
Anthony Mantha 0 1 1 -2 0 2 1 1 0 0 0/0 15:56 1:20 0:00
Brock Faber 0 0 0 0 2 2 0 2 0 2 0/0 25:29 1:43 3:10
Cole Perfetti 0 0 0 -2 0 3 0 0 1 0 0/0 12:27 0:00 0:00
J.J. Moser 0 0 0 -1 0 2 1 1 0 0 0/0 26:18 1:43 3:53
Jonas Siegenthaler 0 0 0 -1 0 0 0 0 0 0 0/0 13:37 0:00 0:00
Jonatan Berggren 0 0 0 -2 0 0 0 0 0 0 0/1 12:13 0:00 0:00
Jordan Greenway 1 0 1 1 2 1 2 0 0 0 1/2 10:52 0:00 3:10
Luke Kunin 0 1 1 1 17 0 0 0 0 0 0/0 7:45 0:00 1:48
Marco Rossi 0 0 0 -2 0 4 0 0 1 0 7/14 14:38 1:20 0:27
Mark Giordano 0 0 0 0 0 0 1 1 0 0 0/0 17:09 1:15 0:53
Matt Duchene 1 1 2 1 0 2 1 1 0 0 6/15 19:09 1:38 2:56
Michael Anderson 0 0 0 -1 0 0 1 0 0 2 0/0 19:00 0:00 3:53
Michael McCarron 0 1 1 1 2 0 1 0 0 0 5/10 10:45 0:00 2:57
Nikolaj Ehlers 1 1 2 1 0 4 0 0 0 0 0/2 15:22 1:20 0:00
Rickard Rakell 0 1 1 1 0 1 4 1 0 1 0/1 15:34 1:38 0:00
Shane Pinto 0 0 0 -2 0 4 4 1 0 0 4/16 18:21 0:00 3:45
Players Stats for Nashville Predators
Player Name G A P +/- PIM S H SB GA TA FO MP PP MP PK MP
------------------------------------------------------------------------------------
Alexander Wennberg 0 2 2 2 0 4 2 1 0 0 4/4 22:11 4:17 2:01
Anthony Duclair 1 0 1 1 0 2 0 0 2 0 0/0 16:39 4:17 0:00
Artem Zub 0 0 0 1 0 4 3 2 0 1 0/0 26:54 3:57 1:53
Ben Chiarot 0 1 1 1 0 0 2 1 0 0 0/0 11:57 0:00 0:00
Brandon Montour 0 0 0 1 0 5 2 0 0 0 0/0 23:25 3:59 0:00
Christian Dvorak 0 0 0 0 0 1 1 1 0 1 10/18 14:49 0:43 0:00
Dante Fabbro 0 0 0 0 0 2 0 2 0 0 0/0 22:45 3:57 1:05
Dmitri Voronkov 0 0 0 -1 0 4 0 0 1 0 0/4 11:57 4:28 0:32
Jake Neighbours 0 0 0 0 0 2 5 0 1 0 1/2 17:08 3:24 0:14
James van Riemsdyk 0 1 1 1 0 2 1 1 0 0 1/1 13:16 0:00 0:32
Kailer Yamamoto 0 0 0 -1 0 1 0 0 0 0 0/0 6:59 0:00 0:00
Kirby Dach 0 0 0 -1 2 1 0 0 1 0 0/0 7:31 0:33 0:00
Pius Suter 0 0 0 0 0 1 2 2 0 0 5/5 18:21 3:24 0:39
Rasmus Andersson 0 0 0 1 0 0 1 1 0 0 0/0 16:28 3:59 1:05
Ryan Hartman 1 1 2 2 0 3 0 0 0 0 2/2 15:53 0:00 0:00
Sidney Crosby 2 1 3 2 5 5 2 2 0 0 17/26 19:17 2:27 1:58
Simon Benoit 0 0 0 0 0 0 1 1 0 0 0/0 18:31 0:00 1:53
Victor Olofsson 0 0 0 1 0 0 3 0 1 0 0/1 12:59 0:15 0:00
3 Stars
1 - Sidney Crosby (NSH)
2 - Ryan Hartman (NSH)
3 - Alexander Wennberg (NSH)
Power Play
Quebec Nordiques - 1 on 2 Attempt(s) - 50.00%
Nashville Predators - 0 on 4 Attempt(s) - 0.00%
Penalty Kill
Quebec Nordiques - 4 on 4 Attempt(s) - 100.00%
- Score 0 goal in Penalty Kill
Nashville Predators - 1 on 2 Attempt(s) - 50.00%
- Score 0 goal in Penalty Kill
Team Stat
Quebec Nordiques - Hits : 20 - Faceoff Wins : 23 - Blocked Shots : 12 - Penalty Minutes : 23
Nashville Predators - Hits : 25 - Faceoff Wins : 40 - Blocked Shots : 14 - Penalty Minutes : 9
Official
Referees : Garrett Rank and Morgan Macphee
Linesman : Brandon Gawryletz and Kyle Flemington
Game Notes
Sidney Crosby and Luke Kunin fight to a draw at 15:52 of 1st period
Finance
Level 1 -- Attendance: 4934 (82.23%) -- Ticket Income $493,400
Level 2 -- Attendance: 3525 (70.50%) -- Ticket Income $211,500
Level 3 -- Attendance: 2503 (83.43%) -- Ticket Income $87,605
Level 4 -- Attendance: 3547 (70.94%) -- Ticket Income $88,675
Luxury Box -- Attendance: 859 (85.90%) -- Ticket Income $171,800
Game was played at the Bridgestone Arena.
Total Attendance: 15368 (76.84%)
Total Ticket Income: $1,052,980
Other Income: $368,543
Total Income: $1,421,523
Quebec Nordiques
5 vs 5 Forward
Center Left Wing Right Wing Time % Phy DF OF
1 Matt Duchene Nikolaj Ehlers Rickard Rakell 30 1 2 2
2 Shane Pinto Alex DeBrincat Anthony Mantha 30 1 2 2
3 Marco Rossi Cole Perfetti Jonatan Berggren 25 1 2 2
4 Michael McCarron Luke Kunin Jordan Greenway 15 1 2 2
5 vs 5 Defense
Defense Defense Time % Phy DF OF
1 Brock Faber J.J. Moser 30 1 2 2
2 Mark Giordano Michael Anderson 30 1 2 2
3 Alexandre Carrier Jonas Siegenthaler 25 1 2 2
4 Brock Faber J.J. Moser 15 1 2 2
PowerPlay Forward
Center Left Wing Right Wing Time % Phy DF OF
1 Matt Duchene Alex DeBrincat Rickard Rakell 50 1 2 2
2 Marco Rossi Nikolaj Ehlers Anthony Mantha 50 1 2 2
PowerPlay Defense
Defense Defense Time % Phy DF OF
1 Brock Faber J.J. Moser 50 1 2 2
2 Alexandre Carrier Mark Giordano 50 1 2 2
Penalty Kill 4 Players Forward
Center Wing Time % Phy DF OF
1 Michael McCarron Jordan Greenway 50 1 2 2
2 Shane Pinto Luke Kunin 50 1 2 2
Penalty Kill 4 Players Defense
Defense Defense Time % Phy DF OF
1 Brock Faber Alexandre Carrier 50 1 2 2
2 Michael Anderson J.J. Moser 50 1 2 2
Penalty Kill - 3 Players Forward
Forward Time % Phy DF OF
1 Michael McCarron 50 1 2 2
2 Shane Pinto 50 1 2 2
Penalty Kill - 3 Players Defense
Defense Defense Time % Phy DF OF
1 Brock Faber Alexandre Carrier 50 1 2 2
2 Michael Anderson J.J. Moser 50 1 2 2
4 vs 4 Forward
Center Wing Time % Phy DF OF
1 Matt Duchene Rickard Rakell 50 1 2 2
2 Shane Pinto Alex DeBrincat 50 1 2 2
4 vs 4 Defense
Defense Defense Time % Phy DF OF
1 Brock Faber J.J. Moser 50 1 2 2
2 Mark Giordano Michael Anderson 50 1 2 2
Last Minutes Offensive
Center Left Wing Right Wing Defense Defense
Matt Duchene Alex DeBrincat Rickard Rakell Brock Faber J.J. Moser
Last Minutes Defensive
Center Left Wing Right Wing Defense Defense
Shane Pinto Jordan Greenway Luke Kunin Brock Faber Alexandre Carrier
Goaltenders
Starting : Joseph Woll
Backup : Lukas Dostal
Extra Forwards
Normal : Marco Rossi, Cole Perfetti, Michael McCarron - PP : Marco Rossi, Cole Perfetti - PK : Matt Duchene
Extra Defensemen
Normal : Alexandre Carrier, Jonas Siegenthaler, Brock Faber - PP : Michael Anderson - PK : Mark Giordano, Jonas Siegenthaler
Penalty Shots
Alex DeBrincat, Rickard Rakell, Matt Duchene, Anthony Mantha, Mark Giordano
Scratches
Jakub Voracek (Healthy), Rem Pitlick (Healthy), Connor Brown (Healthy), Justin Holl (Healthy)
Nashville Predators
5 vs 5 Forward
Center Left Wing Right Wing Time % Phy DF OF
1 Sidney Crosby Alexander Wennberg Ryan Hartman 37 0 2 3
2 Christian Dvorak Pius Suter Jake Neighbours 33 0 2 3
3 Victor Olofsson Anthony Duclair James van Riemsdyk 25 0 2 3
4 Dmitri Voronkov Kailer Yamamoto Kirby Dach 5 0 3 2
5 vs 5 Defense
Defense Defense Time % Phy DF OF
1 Artem Zub Brandon Montour 40 1 2 2
2 Simon Benoit Dante Fabbro 36 1 4 0
3 Ben Chiarot Rasmus Andersson 24 0 5 0
4 Artem Zub Ben Chiarot 0 1 3 1
PowerPlay Forward
Center Left Wing Right Wing Time % Phy DF OF
1 Sidney Crosby Pius Suter Jake Neighbours 50 1 1 3
2 Alexander Wennberg Anthony Duclair Dmitri Voronkov 50 1 1 3
PowerPlay Defense
Defense Defense Time % Phy DF OF
1 Brandon Montour Rasmus Andersson 50 1 1 3
2 Artem Zub Dante Fabbro 50 2 2 1
Penalty Kill 4 Players Forward
Center Wing Time % Phy DF OF
1 Sidney Crosby Alexander Wennberg 65 1 2 2
2 Christian Dvorak Pius Suter 35 1 2 2
Penalty Kill 4 Players Defense
Defense Defense Time % Phy DF OF
1 Artem Zub Simon Benoit 60 2 3 0
2 Dante Fabbro Rasmus Andersson 40 1 3 1
Penalty Kill - 3 Players Forward
Forward Time % Phy DF OF
1 Sidney Crosby 50 1 2 2
2 Christian Dvorak 50 1 2 2
Penalty Kill - 3 Players Defense
Defense Defense Time % Phy DF OF
1 Artem Zub Dante Fabbro 50 1 2 2
2 Simon Benoit Rasmus Andersson 50 1 2 2
4 vs 4 Forward
Center Wing Time % Phy DF OF
1 Sidney Crosby Alexander Wennberg 50 1 2 2
2 Christian Dvorak Pius Suter 50 1 2 2
4 vs 4 Defense
Defense Defense Time % Phy DF OF
1 Brandon Montour Simon Benoit 60 2 2 1
2 Rasmus Andersson Artem Zub 40 2 2 1
Last Minutes Offensive
Center Left Wing Right Wing Defense Defense
Sidney Crosby Pius Suter Dmitri Voronkov Rasmus Andersson Brandon Montour
Last Minutes Defensive
Center Left Wing Right Wing Defense Defense
Sidney Crosby Alexander Wennberg Pius Suter Artem Zub Simon Benoit
Goaltenders
Starting : Anthony Stolarz
Backup : Thatcher Demko
Extra Forwards
Normal : Sidney Crosby, Alexander Wennberg, Pius Suter - PP : Jake Neighbours, Sidney Crosby - PK : James van Riemsdyk
Extra Defensemen
Normal : Rasmus Andersson, Brandon Montour, Dante Fabbro - PP : Rasmus Andersson - PK : Ben Chiarot, Artem Zub
Penalty Shots
James van Riemsdyk, Sidney Crosby, Pius Suter, Ryan Hartman, Alexander Wennberg
Scratches
Thomas Novak (Healthy), Marc-Andre Fleury (Healthy), Mads Sogaard (Healthy), Samuel Ersson (Healthy)
% Time on Ice - Quebec Nordiques
Lines # - Real PCT - Wanted PCT - Time Play
Normal Forward
1 - 30% - 30% - 14:35
2 - 30% - 30% - 14:42
3 - 25% - 25% - 12:13
4 - 15% - 15% - 7:36
Normal Defense
1 - 29% - 30% - 14:11
2 - 31% - 30% - 15:27
3 - 26% - 25% - 12:57
4 - 13% - 15% - 6:31
PP Forward
1 - 55% - 50% - 1:38
2 - 45% - 50% - 1:20
PP Defense
1 - 58% - 50% - 1:43
2 - 42% - 50% - 1:15
PK Forward
1 - 50% - 50% - 3:57
2 - 50% - 50% - 3:59
PK Defense
1 - 51% - 50% - 4:03
2 - 49% - 50% - 3:53
PK3 Forward
1 - 0% - 50%
2 - 0% - 50%
PK3 Defense
1 - 0% - 50%
2 - 0% - 50%
44 Forward
1 - 0% - 50%
2 - 0% - 50%
44 Defense
1 - 0% - 50%
2 - 0% - 50%
Last Minute Offensive - 0:00
Last Minute Defensive - 0:00
Total
Forward - 60:00
Defense - 60:00
|
% Time on Ice - Nashville Predators
Lines # - Real PCT - Wanted PCT - Time Play
Normal Forward
1 - 33% - 37% - 16:13
2 - 27% - 33% - 13:10
3 - 26% - 25% - 12:44
4 - 14% - 5% - 6:59
Normal Defense
1 - 40% - 40% - 19:26
2 - 38% - 36% - 18:44
3 - 22% - 24% - 10:56
4 - 0% - 0% - 0:00
PP Forward
1 - 46% - 50% - 3:39
2 - 54% - 50% - 4:17
PP Defense
1 - 50% - 50% - 3:59
2 - 50% - 50% - 3:57
PK Forward
1 - 100% - 65% - 2:58
2 - 0% - 35% - 0:00
PK Defense
1 - 63% - 60% - 1:53
2 - 37% - 40% - 1:05
PK3 Forward
1 - 0% - 50%
2 - 0% - 50%
PK3 Defense
1 - 0% - 50%
2 - 0% - 50%
44 Forward
1 - 0% - 50%
2 - 0% - 50%
44 Defense
1 - 0% - 60%
2 - 0% - 40%
Last Minute Offensive - 0:00
Last Minute Defensive - 0:00
Total
Forward - 60:00
Defense - 60:00
|
Play-by-Play
1st period
0:01 of 1st period - Sidney Crosby wins face-off versus Matt Duchene in neutral zone.
0:06 of 1st period - Snap shot by Ryan Hartman.
0:06 of 1st period - Shot Misses the Net.
0:33 of 1st period - Off-side.
0:34 of 1st period - James van Riemsdyk wins face-off versus Shane Pinto in neutral zone.
0:47 of 1st period - Slapshot by Anthony Duclair.
0:47 of 1st period - Stopped by Joseph Woll with a rebound.
0:54 of 1st period - Icing by Marco Rossi.
0:55 of 1st period - Marco Rossi wins face-off versus Christian Dvorak in Quebec Nordiques zone.
1:50 of 1st period - Wrist shot by Alex DeBrincat.
1:50 of 1st period - Stopped by Anthony Stolarz with a rebound.
2:02 of 1st period - Pius Suter is hit by Rickard Rakell and loses puck.
2:18 of 1st period - Icing by Ben Chiarot.
2:19 of 1st period - Christian Dvorak wins face-off versus Marco Rossi in Nashville Predators zone.
2:48 of 1st period - Brock Faber is hit by Rasmus Andersson and loses puck.
2:57 of 1st period - Backhand shot by James van Riemsdyk.
2:57 of 1st period - Deflect By Anthony Duclair.
2:57 of 1st period - Goal by Anthony Duclair - Quebec Nordiques : 0 - Nashville Predators : 1.
2:58 of 1st period - Christian Dvorak wins face-off versus Michael McCarron in neutral zone.
3:03 of 1st period - Slapshot by Jake Neighbours.
3:03 of 1st period - Stopped by Joseph Woll with a rebound.
3:05 of 1st period - Minor Penalty to Jordan Greenway for Goalie Interference.
3:06 of 1st period - Michael McCarron wins face-off versus Sidney Crosby in Quebec Nordiques zone.
3:15 of 1st period - Alexandre Carrier is hit by Jake Neighbours and loses puck.
3:33 of 1st period - Icing by Alexander Wennberg.
3:34 of 1st period - Michael McCarron wins face-off versus Dmitri Voronkov in Nashville Predators zone.
4:03 of 1st period - Snap shot by Dmitri Voronkov.
4:03 of 1st period - Shot Misses the Net.
4:05 of 1st period - Wrist shot by Dante Fabbro.
4:05 of 1st period - Stopped by Joseph Woll without a rebound.
4:06 of 1st period - Sidney Crosby wins face-off versus Michael McCarron in Quebec Nordiques zone.
5:01 of 1st period - J.J. Moser is hit by Pius Suter and loses puck.
5:05 of 1st period - Penalty to Jordan Greenway is over, Jordan Greenway is back on ice.
5:22 of 1st period - Snap shot by James van Riemsdyk.
5:22 of 1st period - Shot Misses the Net.
5:34 of 1st period - Snap shot by Dmitri Voronkov.
5:34 of 1st period - Stopped by Joseph Woll without a rebound.
5:35 of 1st period - Shane Pinto wins face-off versus Dmitri Voronkov in Quebec Nordiques zone.
5:35 of 1st period - Shane Pinto is hit by Ben Chiarot.
5:43 of 1st period - Snap shot by Alex DeBrincat.
5:43 of 1st period - Stopped by Anthony Stolarz with a rebound.
5:45 of 1st period - Snap shot by Shane Pinto.
5:45 of 1st period - Shot Misses the Net.
5:47 of 1st period - Slapshot by Jonas Siegenthaler.
5:47 of 1st period - Deflect By Alex DeBrincat.
5:47 of 1st period - Shot Misses the Net.
5:47 of 1st period - Puck is out of play.
5:48 of 1st period - Sidney Crosby wins face-off versus Matt Duchene in Nashville Predators zone.
6:05 of 1st period - Snap shot by Sidney Crosby.
6:05 of 1st period - Deflect By Alexander Wennberg.
6:05 of 1st period - Stopped by Joseph Woll with a rebound.
6:15 of 1st period - Pius Suter is hit by Anthony Mantha and loses puck.
6:22 of 1st period - Wrist shot by Shane Pinto.
6:22 of 1st period - Stopped by Anthony Stolarz without a rebound.
6:23 of 1st period - Pius Suter wins face-off versus Michael McCarron in Nashville Predators zone.
6:36 of 1st period - Slapshot by Pius Suter.
6:36 of 1st period - Shot Misses the Net.
7:28 of 1st period - J.J. Moser is hit by James van Riemsdyk and loses puck.
9:01 of 1st period - Off-side.
9:02 of 1st period - Christian Dvorak wins face-off versus Matt Duchene in neutral zone.
9:38 of 1st period - Off-side.
9:39 of 1st period - Christian Dvorak wins face-off versus Rickard Rakell in neutral zone.
9:42 of 1st period - Wrist shot by Jake Neighbours.
9:42 of 1st period - Shot Blocked by Rickard Rakell.
10:03 of 1st period - Icing by Jake Neighbours.
10:04 of 1st period - Sidney Crosby wins face-off versus Marco Rossi in Nashville Predators zone.
10:17 of 1st period - Jonas Siegenthaler is hit by Sidney Crosby and loses puck.
11:00 of 1st period - Minor Penalty to Kirby Dach for Hooking.
11:01 of 1st period - Matt Duchene wins face-off versus Sidney Crosby in Nashville Predators zone.
11:07 of 1st period - Off-side.
11:08 of 1st period - Sidney Crosby wins face-off versus Alex DeBrincat in neutral zone.
11:34 of 1st period - Icing by Nikolaj Ehlers.
11:35 of 1st period - Marco Rossi wins face-off versus Sidney Crosby in Quebec Nordiques zone.
12:02 of 1st period - Slapshot by Nikolaj Ehlers.
12:02 of 1st period - Goal by Nikolaj Ehlers - Quebec Nordiques : 1 - Nashville Predators : 1.
12:03 of 1st period - Marco Rossi wins face-off versus Christian Dvorak in neutral zone.
12:12 of 1st period - Wrist shot by Marco Rossi.
12:12 of 1st period - Shot Misses the Net.
12:18 of 1st period - Snap shot by Jake Neighbours.
12:18 of 1st period - Stopped by Joseph Woll without a rebound.
12:19 of 1st period - Ryan Hartman wins face-off versus Nikolaj Ehlers in Quebec Nordiques zone.
12:24 of 1st period - Wrist shot by Ryan Hartman.
12:24 of 1st period - Shot Blocked by Matt Duchene.
12:26 of 1st period - Wrist shot by Brandon Montour.
12:26 of 1st period - Deflect By Brock Faber.
12:26 of 1st period - Stopped by Joseph Woll with a rebound.
12:28 of 1st period - Slapshot by Brandon Montour.
12:28 of 1st period - Deflect By Rickard Rakell.
12:28 of 1st period - Stopped by Joseph Woll with a rebound.
12:30 of 1st period - Slapshot by Alexander Wennberg.
12:30 of 1st period - Shot Misses the Net.
12:32 of 1st period - Slapshot by Artem Zub.
12:32 of 1st period - Shot Misses the Net.
12:34 of 1st period - Wrist shot by Ryan Hartman.
12:34 of 1st period - Deflect By Alexander Wennberg.
12:34 of 1st period - Stopped by Joseph Woll without a rebound.
12:35 of 1st period - Marco Rossi wins face-off versus Christian Dvorak in Quebec Nordiques zone.
13:12 of 1st period - Slapshot by Brock Faber.
13:12 of 1st period - Shot Misses the Net.
13:20 of 1st period - Brock Faber is hit by Brandon Montour.
13:26 of 1st period - J.J. Moser is hit by Jake Neighbours and loses puck.
13:52 of 1st period - Sidney Crosby is hit by Alexandre Carrier and loses puck.
14:50 of 1st period - Off-side.
14:51 of 1st period - Matt Duchene wins face-off versus Sidney Crosby in neutral zone.
14:58 of 1st period - Slapshot by Nikolaj Ehlers.
14:58 of 1st period - Stopped by Anthony Stolarz with a rebound.
15:35 of 1st period - Snap shot by Matt Duchene.
15:35 of 1st period - Stopped by Anthony Stolarz with a rebound.
15:37 of 1st period - Snap shot by Matt Duchene.
15:37 of 1st period - Goal by Matt Duchene - Quebec Nordiques : 2 - Nashville Predators : 1.
15:38 of 1st period - Sidney Crosby wins face-off versus Jordan Greenway in neutral zone.
15:52 of 1st period - Sidney Crosby and Luke Kunin fight to a draw.
15:52 of 1st period - Penalty to Sidney Crosby for Fighting.
15:52 of 1st period - Penalty to Luke Kunin for Fighting.
15:52 of 1st period - Penalty to Luke Kunin for instigated a fight.
15:52 of 1st period - Penalty to Luke Kunin for instigated a fight.
15:53 of 1st period - Alexander Wennberg wins face-off versus Matt Duchene in Quebec Nordiques zone.
17:52 of 1st period - Penalty to Luke Kunin is over, Nikolaj Ehlers is send on ice.
18:13 of 1st period - Wrist shot by Marco Rossi.
18:13 of 1st period - Stopped by Anthony Stolarz with a rebound.
18:39 of 1st period - Anthony Duclair is hit by Alex DeBrincat and loses puck.
18:50 of 1st period - Wrist shot by Anthony Duclair.
18:50 of 1st period - Shot Misses the Net.
19:02 of 1st period - Alexander Wennberg is hit by Matt Duchene and loses puck.
Goals for this period are 2 for Quebec Nordiques vs 1 for Nashville Predators.
Shots for this period are 8 for Quebec Nordiques vs 10 for Nashville Predators.
2nd period
0:01 of 2nd period - Pius Suter wins face-off versus Shane Pinto in neutral zone.
0:04 of 2nd period - Snap shot by Alexander Wennberg.
0:04 of 2nd period - Shot Blocked by Alex DeBrincat.
0:06 of 2nd period - Slapshot by Brandon Montour.
0:06 of 2nd period - Stopped by Joseph Woll without a rebound.
0:07 of 2nd period - Pius Suter wins face-off versus Shane Pinto in Quebec Nordiques zone.
0:08 of 2nd period - Backhand shot by Ryan Hartman.
0:08 of 2nd period - Stopped by Joseph Woll with a rebound.
0:10 of 2nd period - Slapshot by Artem Zub.
0:10 of 2nd period - Shot Blocked by Anthony Mantha.
0:12 of 2nd period - Wrist shot by Ryan Hartman.
0:12 of 2nd period - Shot Blocked by J.J. Moser.
0:14 of 2nd period - Slapshot by Artem Zub.
0:14 of 2nd period - Stopped by Joseph Woll with a rebound.
0:20 of 2nd period - Snap shot by Pius Suter.
0:20 of 2nd period - Stopped by Joseph Woll without a rebound.
0:21 of 2nd period - Christian Dvorak wins face-off versus Matt Duchene in Quebec Nordiques zone.
1:02 of 2nd period - Snap shot by Rickard Rakell.
1:02 of 2nd period - Stopped by Anthony Stolarz without a rebound.
1:03 of 2nd period - Sidney Crosby wins face-off versus Shane Pinto in Nashville Predators zone.
1:14 of 2nd period - Snap shot by Alex DeBrincat.
1:14 of 2nd period - Stopped by Anthony Stolarz without a rebound.
1:15 of 2nd period - Shane Pinto wins face-off versus Christian Dvorak in Nashville Predators zone.
1:22 of 2nd period - Wrist shot by Alex DeBrincat.
1:22 of 2nd period - Shot Blocked by Artem Zub.
1:24 of 2nd period - Slapshot by Brock Faber.
1:24 of 2nd period - Deflect By Anthony Mantha.
1:24 of 2nd period - Shot Blocked by Artem Zub.
1:24 of 2nd period - Puck is out of play.
1:25 of 2nd period - Christian Dvorak wins face-off versus Shane Pinto in Nashville Predators zone.
1:32 of 2nd period - Wrist shot by Shane Pinto.
1:32 of 2nd period - Shot Misses the Net.
1:34 of 2nd period - Slapshot by J.J. Moser.
1:34 of 2nd period - Stopped by Anthony Stolarz with a rebound.
1:36 of 2nd period - Snap shot by Anthony Mantha.
1:36 of 2nd period - Shot Blocked by Christian Dvorak.
1:50 of 2nd period - Wrist shot by Anthony Mantha.
1:50 of 2nd period - Deflect By Pius Suter.
1:50 of 2nd period - Shot Blocked by Pius Suter.
1:50 of 2nd period - Puck is out of play.
1:51 of 2nd period - Marco Rossi wins face-off versus Sidney Crosby in Nashville Predators zone.
1:52 of 2nd period - Snap shot by Cole Perfetti.
1:52 of 2nd period - Shot Blocked by Simon Benoit.
1:58 of 2nd period - Backhand shot by Ryan Hartman.
1:58 of 2nd period - Goal by Ryan Hartman - Quebec Nordiques : 2 - Nashville Predators : 2.
1:59 of 2nd period - Sidney Crosby wins face-off versus Alex DeBrincat in neutral zone.
2:06 of 2nd period - Slapshot by Brandon Montour.
2:06 of 2nd period - Shot Misses the Net.
2:08 of 2nd period - Slapshot by Ryan Hartman.
2:08 of 2nd period - Shot Misses the Net.
2:10 of 2nd period - Snap shot by Ryan Hartman.
2:10 of 2nd period - Stopped by Joseph Woll with a rebound.
2:12 of 2nd period - Slapshot by Brandon Montour.
2:12 of 2nd period - Deflect By Brock Faber.
2:12 of 2nd period - Stopped by Joseph Woll with a rebound.
2:14 of 2nd period - Snap shot by Artem Zub.
2:14 of 2nd period - Shot Misses the Net.
2:16 of 2nd period - Slapshot by Brandon Montour.
2:16 of 2nd period - Stopped by Joseph Woll with a rebound.
2:26 of 2nd period - Jake Neighbours is hit by Rickard Rakell.
3:44 of 2nd period - Wrist shot by Marco Rossi.
3:44 of 2nd period - Stopped by Anthony Stolarz without a rebound.
3:45 of 2nd period - Michael McCarron wins face-off versus Christian Dvorak in Nashville Predators zone.
4:10 of 2nd period - Alex DeBrincat is hit by Artem Zub and loses puck.
4:40 of 2nd period - Artem Zub is hit by Alexandre Carrier and loses puck.
5:14 of 2nd period - Marco Rossi is hit by Ben Chiarot and loses puck.
5:23 of 2nd period - Snap shot by Alexander Wennberg.
5:23 of 2nd period - Stopped by Joseph Woll without a rebound.
5:24 of 2nd period - Shane Pinto wins face-off versus Jake Neighbours in Quebec Nordiques zone.
6:17 of 2nd period - Snap shot by Kirby Dach.
6:17 of 2nd period - Shot Misses the Net.
6:19 of 2nd period - Wrist shot by Kailer Yamamoto.
6:19 of 2nd period - Stopped by Joseph Woll with a rebound.
6:21 of 2nd period - Snap shot by Ben Chiarot.
6:21 of 2nd period - Shot Blocked by Brock Faber.
6:23 of 2nd period - Snap shot by Kirby Dach.
6:23 of 2nd period - Stopped by Joseph Woll with a rebound.
7:14 of 2nd period - Slapshot by James van Riemsdyk.
7:14 of 2nd period - Stopped by Joseph Woll with a rebound.
7:19 of 2nd period - Minor Penalty to Michael McCarron for Roughing.
7:20 of 2nd period - Alexander Wennberg wins face-off versus Matt Duchene in Quebec Nordiques zone.
7:26 of 2nd period - Wrist shot by Anthony Duclair.
7:26 of 2nd period - Deflect By Alexander Wennberg.
7:26 of 2nd period - Shot Blocked by Brock Faber.
7:26 of 2nd period - Puck is out of play.
7:27 of 2nd period - Alexander Wennberg wins face-off versus Matt Duchene in Quebec Nordiques zone.
8:14 of 2nd period - Backhand shot by Dmitri Voronkov.
8:14 of 2nd period - Stopped by Joseph Woll with a rebound.
8:16 of 2nd period - Snap shot by Dmitri Voronkov.
8:16 of 2nd period - Stopped by Joseph Woll with a rebound.
8:18 of 2nd period - Snap shot by Dmitri Voronkov.
8:18 of 2nd period - Deflect By Alexander Wennberg.
8:18 of 2nd period - Stopped by Joseph Woll with a rebound.
8:20 of 2nd period - Wrist shot by Dante Fabbro.
8:20 of 2nd period - Stopped by Joseph Woll without a rebound.
8:21 of 2nd period - Sidney Crosby wins face-off versus Shane Pinto in Quebec Nordiques zone.
8:22 of 2nd period - Snap shot by Brandon Montour.
8:22 of 2nd period - Shot Blocked by Alexandre Carrier.
8:24 of 2nd period - Snap shot by Jake Neighbours.
8:24 of 2nd period - Shot Misses the Net.
9:11 of 2nd period - Off-side.
9:12 of 2nd period - Pius Suter wins face-off versus Marco Rossi in neutral zone.
9:19 of 2nd period - Penalty to Michael McCarron is over, Michael McCarron is back on ice.
10:00 of 2nd period - Wrist shot by Sidney Crosby.
10:00 of 2nd period - Goal by Sidney Crosby - Quebec Nordiques : 2 - Nashville Predators : 3.
10:01 of 2nd period - Shane Pinto wins face-off versus Sidney Crosby in neutral zone.
10:36 of 2nd period - Wrist shot by James van Riemsdyk.
10:36 of 2nd period - Shot Misses the Net.
10:38 of 2nd period - Slapshot by Artem Zub.
10:38 of 2nd period - Deflect By Brock Faber.
10:38 of 2nd period - Stopped by Joseph Woll without a rebound.
10:39 of 2nd period - Marco Rossi wins face-off versus Sidney Crosby in Quebec Nordiques zone.
10:44 of 2nd period - Snap shot by Marco Rossi.
10:44 of 2nd period - Shot Misses the Net.
10:52 of 2nd period - 10 Minutes Misconduct Penalty to Luke Kunin is over.
11:06 of 2nd period - Jake Neighbours is hit by Rickard Rakell and loses puck.
11:48 of 2nd period - Michael Anderson is hit by Artem Zub and loses puck.
12:05 of 2nd period - Snap shot by Anthony Duclair.
12:05 of 2nd period - Shot Misses the Net.
12:07 of 2nd period - Wrist shot by James van Riemsdyk.
12:07 of 2nd period - Stopped by Joseph Woll with a rebound.
12:09 of 2nd period - Wrist shot by Victor Olofsson.
12:09 of 2nd period - Shot Misses the Net.
12:17 of 2nd period - Wrist shot by James van Riemsdyk.
12:17 of 2nd period - Shot Misses the Net.
12:19 of 2nd period - Slapshot by Artem Zub.
12:19 of 2nd period - Stopped by Joseph Woll without a rebound.
12:20 of 2nd period - Sidney Crosby wins face-off versus Shane Pinto in Quebec Nordiques zone.
12:27 of 2nd period - Wrist shot by Sidney Crosby.
12:27 of 2nd period - Shot Blocked by Shane Pinto.
13:14 of 2nd period - Wrist shot by Cole Perfetti.
13:14 of 2nd period - Stopped by Anthony Stolarz without a rebound.
13:15 of 2nd period - Sidney Crosby wins face-off versus Jonatan Berggren in Nashville Predators zone.
13:36 of 2nd period - Slapshot by Brock Faber.
13:36 of 2nd period - Shot Misses the Net.
14:21 of 2nd period - Snap shot by Alexander Wennberg.
14:21 of 2nd period - Shot Misses the Net.
14:23 of 2nd period - Snap shot by Sidney Crosby.
14:23 of 2nd period - Stopped by Joseph Woll with a rebound.
14:41 of 2nd period - Wrist shot by Shane Pinto.
14:41 of 2nd period - Shot Blocked by Pius Suter.
15:15 of 2nd period - Jonas Siegenthaler is hit by Victor Olofsson and loses puck.
15:36 of 2nd period - Sidney Crosby is hit by Shane Pinto.
15:40 of 2nd period - Jonas Siegenthaler is hit by Alexander Wennberg.
16:42 of 2nd period - Wrist shot by Matt Duchene.
16:42 of 2nd period - Shot Misses the Net.
17:52 of 2nd period - Snap shot by Dmitri Voronkov.
17:52 of 2nd period - Stopped by Joseph Woll without a rebound.
17:53 of 2nd period - Jordan Greenway wins face-off versus Dmitri Voronkov in Quebec Nordiques zone.
17:58 of 2nd period - Slapshot by Brock Faber.
17:58 of 2nd period - Deflect By Michael McCarron.
17:58 of 2nd period - Shot Misses the Net.
17:58 of 2nd period - Puck is out of play.
17:59 of 2nd period - Michael McCarron wins face-off versus Sidney Crosby in Nashville Predators zone.
18:00 of 2nd period - Snap shot by Luke Kunin.
18:00 of 2nd period - Deflect By Jordan Greenway.
18:00 of 2nd period - Goal by Jordan Greenway - Quebec Nordiques : 3 - Nashville Predators : 3.
18:01 of 2nd period - Sidney Crosby wins face-off versus Shane Pinto in neutral zone.
18:30 of 2nd period - J.J. Moser is hit by Christian Dvorak.
19:13 of 2nd period - Kailer Yamamoto is hit by Jordan Greenway and loses puck.
19:38 of 2nd period - Alexandre Carrier is hit by Simon Benoit and loses puck.
Goals for this period are 1 for Quebec Nordiques vs 2 for Nashville Predators.
Shots for this period are 6 for Quebec Nordiques vs 22 for Nashville Predators.
3rd period
0:01 of 3rd period - Ryan Hartman wins face-off versus Shane Pinto in neutral zone.
0:08 of 3rd period - Backhand shot by Alexander Wennberg.
0:08 of 3rd period - Deflect By Sidney Crosby.
0:08 of 3rd period - Shot Blocked by Alex DeBrincat.
0:08 of 3rd period - Puck is out of play.
0:09 of 3rd period - Sidney Crosby wins face-off versus Shane Pinto in Quebec Nordiques zone.
1:02 of 3rd period - Backhand shot by Brock Faber.
1:02 of 3rd period - Stopped by Anthony Stolarz with a rebound.
1:18 of 3rd period - Snap shot by Sidney Crosby.
1:18 of 3rd period - Stopped by Joseph Woll without a rebound.
1:19 of 3rd period - Matt Duchene wins face-off versus Christian Dvorak in Quebec Nordiques zone.
1:19 of 3rd period - Matt Duchene is hit by Pius Suter.
1:46 of 3rd period - Michael Anderson is hit by Victor Olofsson and loses puck.
2:27 of 3rd period - Nikolaj Ehlers is hit by Jake Neighbours and loses puck.
2:52 of 3rd period - Kailer Yamamoto is hit by Jordan Greenway and loses puck.
3:03 of 3rd period - Pius Suter is hit by Rickard Rakell and loses puck.
3:24 of 3rd period - Simon Benoit is hit by Shane Pinto and loses puck.
3:43 of 3rd period - Snap shot by Kailer Yamamoto.
3:43 of 3rd period - Shot Misses the Net.
4:14 of 3rd period - Wrist shot by Shane Pinto.
4:14 of 3rd period - Stopped by Anthony Stolarz with a rebound.
4:23 of 3rd period - Icing by Artem Zub.
4:24 of 3rd period - Sidney Crosby wins face-off versus Marco Rossi in Nashville Predators zone.
4:24 of 3rd period - Sidney Crosby is hit by Mark Giordano.
4:40 of 3rd period - Snap shot by Cole Perfetti.
4:40 of 3rd period - Stopped by Anthony Stolarz with a rebound.
4:48 of 3rd period - Jonatan Berggren is hit by Victor Olofsson and loses puck.
4:53 of 3rd period - Snap shot by Anthony Duclair.
4:53 of 3rd period - Deflect By Victor Olofsson.
4:53 of 3rd period - Shot Misses the Net.
4:53 of 3rd period - Puck is out of play.
4:54 of 3rd period - Matt Duchene wins face-off versus Christian Dvorak in Quebec Nordiques zone.
5:33 of 3rd period - Icing by Dante Fabbro.
5:34 of 3rd period - Sidney Crosby wins face-off versus Marco Rossi in Nashville Predators zone.
5:34 of 3rd period - Sidney Crosby is hit by Michael Anderson.
5:42 of 3rd period - Snap shot by Sidney Crosby.
5:42 of 3rd period - Stopped by Joseph Woll with a rebound.
6:12 of 3rd period - Wrist shot by Sidney Crosby.
6:12 of 3rd period - Goal by Sidney Crosby - Quebec Nordiques : 3 - Nashville Predators : 4.
6:13 of 3rd period - Pius Suter wins face-off versus Matt Duchene in neutral zone.
6:34 of 3rd period - Minor Penalty to Brock Faber for Slashing.
6:35 of 3rd period - Michael McCarron wins face-off versus Dmitri Voronkov in Quebec Nordiques zone.
6:40 of 3rd period - Snap shot by J.J. Moser.
6:40 of 3rd period - Deflect By Michael McCarron.
6:40 of 3rd period - Shot Blocked by Rasmus Andersson.
6:40 of 3rd period - Puck is out of play.
6:41 of 3rd period - Alexander Wennberg wins face-off versus Michael McCarron in Nashville Predators zone.
7:29 of 3rd period - Slapshot by Rasmus Andersson.
7:29 of 3rd period - Shot Misses the Net.
8:34 of 3rd period - Penalty to Brock Faber is over, Brock Faber is back on ice.
9:10 of 3rd period - Off-side.
9:11 of 3rd period - Christian Dvorak wins face-off versus Marco Rossi in neutral zone.
9:24 of 3rd period - Wrist shot by Christian Dvorak.
9:24 of 3rd period - Shot Misses the Net.
9:36 of 3rd period - Ben Chiarot is hit by J.J. Moser and loses puck.
9:43 of 3rd period - Snap shot by Luke Kunin.
9:43 of 3rd period - Shot Misses the Net.
9:45 of 3rd period - Slapshot by Michael Anderson.
9:45 of 3rd period - Shot Blocked by Ben Chiarot.
9:55 of 3rd period - Wrist shot by Alex DeBrincat.
9:55 of 3rd period - Shot Misses the Net.
9:57 of 3rd period - Snap shot by Anthony Mantha.
9:57 of 3rd period - Shot Blocked by Sidney Crosby.
9:59 of 3rd period - Wrist shot by Jonas Siegenthaler.
9:59 of 3rd period - Shot Blocked by Sidney Crosby.
10:35 of 3rd period - Brock Faber is hit by Artem Zub and loses puck.
10:57 of 3rd period - Jordan Greenway is hit by Brandon Montour and loses puck.
11:10 of 3rd period - Alexander Wennberg is hit by Alex DeBrincat and loses puck.
11:27 of 3rd period - Snap shot by Christian Dvorak.
11:27 of 3rd period - Stopped by Joseph Woll without a rebound.
11:28 of 3rd period - Matt Duchene wins face-off versus Christian Dvorak in Quebec Nordiques zone.
11:28 of 3rd period - Matt Duchene is hit by Jake Neighbours.
11:42 of 3rd period - Wrist shot by Matt Duchene.
11:42 of 3rd period - Deflect By Nikolaj Ehlers.
11:42 of 3rd period - Stopped by Anthony Stolarz with a rebound.
12:15 of 3rd period - Slapshot by Dmitri Voronkov.
12:15 of 3rd period - Shot Misses the Net.
12:21 of 3rd period - Ben Chiarot is hit by Shane Pinto and loses puck.
12:26 of 3rd period - Snap shot by Shane Pinto.
12:26 of 3rd period - Stopped by Anthony Stolarz without a rebound.
12:27 of 3rd period - Christian Dvorak wins face-off versus Nikolaj Ehlers in Nashville Predators zone.
12:52 of 3rd period - Jonatan Berggren is hit by Sidney Crosby.
13:16 of 3rd period - Snap shot by Michael McCarron.
13:16 of 3rd period - Shot Misses the Net.
13:18 of 3rd period - Slapshot by Jordan Greenway.
13:18 of 3rd period - Shot Misses the Net.
13:20 of 3rd period - Snap shot by Luke Kunin.
13:20 of 3rd period - Deflect By Anthony Duclair.
13:20 of 3rd period - Shot Blocked by Dante Fabbro.
13:20 of 3rd period - Puck is out of play.
13:21 of 3rd period - Christian Dvorak wins face-off versus Shane Pinto in Nashville Predators zone.
14:11 of 3rd period - Snap shot by Marco Rossi.
14:11 of 3rd period - Stopped by Anthony Stolarz with a rebound.
14:13 of 3rd period - Wrist shot by Marco Rossi.
14:13 of 3rd period - Stopped by Anthony Stolarz without a rebound.
14:14 of 3rd period - Jake Neighbours wins face-off versus Shane Pinto in Nashville Predators zone.
14:21 of 3rd period - Anthony Mantha is hit by Jake Neighbours and loses puck.
14:30 of 3rd period - Slapshot by Brock Faber.
14:30 of 3rd period - Shot Misses the Net.
14:50 of 3rd period - Jonas Siegenthaler is hit by Alexander Wennberg and loses puck.
15:51 of 3rd period - Snap shot by Nikolaj Ehlers.
15:51 of 3rd period - Shot Misses the Net.
15:53 of 3rd period - Wrist shot by Nikolaj Ehlers.
15:53 of 3rd period - Stopped by Anthony Stolarz with a rebound.
15:55 of 3rd period - Wrist shot by Nikolaj Ehlers.
15:55 of 3rd period - Shot Blocked by Dante Fabbro.
15:57 of 3rd period - Snap shot by Jonas Siegenthaler.
15:57 of 3rd period - Shot Blocked by James van Riemsdyk.
15:59 of 3rd period - Slapshot by Alexandre Carrier.
15:59 of 3rd period - Stopped by Anthony Stolarz without a rebound.
16:00 of 3rd period - Sidney Crosby wins face-off versus Marco Rossi in Nashville Predators zone.
16:05 of 3rd period - Backhand shot by Brandon Montour.
16:05 of 3rd period - Shot Misses the Net.
16:29 of 3rd period - Icing by Jake Neighbours.
16:30 of 3rd period - Christian Dvorak wins face-off versus Michael McCarron in Nashville Predators zone.
16:30 of 3rd period - Christian Dvorak is hit by Michael McCarron.
16:56 of 3rd period - Victor Olofsson is hit by Shane Pinto and loses puck.
17:33 of 3rd period - Wrist shot by Shane Pinto.
17:33 of 3rd period - Stopped by Anthony Stolarz with a rebound.
17:35 of 3rd period - Snap shot by Anthony Mantha.
17:35 of 3rd period - Shot Blocked by Alexander Wennberg.
17:37 of 3rd period - Slapshot by Anthony Mantha.
17:37 of 3rd period - Stopped by Anthony Stolarz with a rebound.
17:39 of 3rd period - Wrist shot by Anthony Mantha.
17:39 of 3rd period - Stopped by Anthony Stolarz with a rebound.
17:41 of 3rd period - Backhand shot by Brock Faber.
17:41 of 3rd period - Stopped by Anthony Stolarz with a rebound.
17:43 of 3rd period - Snap shot by J.J. Moser.
17:43 of 3rd period - Stopped by Anthony Stolarz with a rebound.
17:49 of 3rd period - Snap shot by Shane Pinto.
17:49 of 3rd period - Shot Misses the Net.
17:51 of 3rd period - Snap shot by Alex DeBrincat.
17:51 of 3rd period - Stopped by Anthony Stolarz without a rebound.
17:52 of 3rd period - Marco Rossi wins face-off versus Victor Olofsson in Nashville Predators zone.
18:03 of 3rd period - Snap shot by Cole Perfetti.
18:03 of 3rd period - Stopped by Anthony Stolarz without a rebound.
18:03 of 3rd period - Minor Penalty to Anthony Stolarz for Delaying the game.
18:04 of 3rd period - Matt Duchene wins face-off versus Sidney Crosby in Nashville Predators zone.
18:05 of 3rd period - Snap shot by Alex DeBrincat.
18:05 of 3rd period - Stopped by Anthony Stolarz without a rebound.
18:06 of 3rd period - Sidney Crosby wins face-off versus Matt Duchene in Nashville Predators zone.
18:19 of 3rd period - Snap shot by Alexander Wennberg.
18:19 of 3rd period - Shot Blocked by Alex DeBrincat.
18:21 of 3rd period - Wrist shot by Sidney Crosby.
18:21 of 3rd period - Shot Blocked by Mark Giordano.
18:23 of 3rd period - Snap shot by Artem Zub.
18:23 of 3rd period - Stopped by Joseph Woll with a rebound.
18:35 of 3rd period - Quebec Nordiques, Joseph Woll is pulled from the net.
Goals for this period are 0 for Quebec Nordiques vs 1 for Nashville Predators.
Shots for this period are 17 for Quebec Nordiques vs 5 for Nashville Predators.
Back to the Top